 Dungeon Crawl Stone Soup version 0.21.1-1-g345015f (webtiles) character file.

9 shakethe the Chopper (level 2, 20/22 HPs)
             Began as a Demonspawn Gladiator on Feb 25, 2018.
             Quit the game on level 1 of the Dungeon.
             The game lasted 00:00:36 (519 turns).

shakethe the Chopper (Demonspawn Gladiator)          Turns: 519, Time: 00:00:37

Health: 20/22      AC:  4    Str: 14    XL:     2   Next: 3%
Magic:  2/2        EV: 12    Int:  9    God:
Gold:   27         SH:  0    Dex: 14    Spells: 1/1 levels left

rFire    . . .     SeeInvis .   a - +0 war axe
rCold    . . .     Gourm    .   (no shield)
rNeg     . . .     Faith    .   b - +0 leather armour
rPois    .         Spirit   +   c - +0 helmet
rElec    .         Reflect  .   (no cloak)
rCorr    .         Harm     .   (no gloves)
MR       .....                  (no boots)
Stlth    +.........             (no amulet)
HPRegen  0.07/turn              (no ring)
MPRegen  0.08/turn              (no ring)

@: no status effects
A: magic shield
a: no special abilities


You were on level 1 of the Dungeon.
You were not hungry.

You visited 1 branch of the dungeon, and saw 1 of its levels.

You collected 27 gold pieces.

Inventory:

Hand Weapons
 a - a +0 war axe (weapon)
Missiles
 d - 3 throwing nets {=f, !d}
Armour
 b - a +0 leather armour (worn)
 c - a +0 helmet (worn)
Scrolls
 g - a scroll of remove curse {unknown}
Potions
 e - a potion of resistance {unknown}
Comestibles
 f - a ration


   Skills:
 + Level 2.2 Fighting
 * Level 3.1 Axes
 - Level 1.7 Throwing
 - Level 2.6 Dodging


You had one spell level left.
You didn't know any spells.

Dungeon Overview and Level Annotations

Branches:
Dungeon (1/15)

Altars:


Innate Abilities, Weirdness & Mutations

When hurt, damage is shared between your health and your magic reserves.


Message History

You closely miss the kobold. The kobold closely misses you.
The kobold hits you with a short sword.
You take 2 damage, and have 14/16 hp.
You hit the kobold.
You kill the kobold!
No target in view!
Things that are here:
a short sword; a kobold corpse No target in view!
No target in view!
No target in view!
No target in view!
No target in view!
A rat comes into view.
The rat bites you but does no damage.
You barely miss the rat. The rat bites you.
The rat bites you but does no damage.
You take 1 damage, and have 13/16 hp.
You hit the rat.
You kill the rat!
No target in view!
No target in view!
No target in view!
No target in view!
No target in view!
No target in view!
No target in view!
No target in view!
No target in view!
A goblin comes into view. It is wielding a club.
The goblin shouts!
The goblin closely misses you.
You closely miss the goblin. The goblin hits you with a club.
You take 1 damage, and have 13/16 hp.
You closely miss the goblin. The goblin misses you.
You slash the goblin!
You kill the goblin!
No target in view!
No target in view!
No target in view!
No target in view!
No target in view!
No target in view!
g - a scroll labeled ATORON RO ZEEX No target in view!
No target in view!
No target in view!
No target in view!
You open the door.
There is an open door here.
You see here a leather armour.
A goblin comes into view. It is wielding a club.
The goblin shouts!
You see here 12 gold pieces.
Health restored: 16 The goblin hits you with a club.
You take 2 damage, and have 14/16 hp.
You closely miss the goblin. The goblin closely misses you.
You closely miss the goblin. The goblin closely misses you.
You miss the goblin. The goblin misses you.
You closely miss the goblin. The goblin barely misses you.
The goblin hits you but does no damage.
You barely miss the goblin. The goblin hits you but does no damage.
You miss the goblin. The goblin hits you with a club.
You take 4 damage, and have 10/16 hp.
MASSIVE DAMAGE!!
You closely miss the goblin. The goblin misses you.
You slash the goblin!
You kill the goblin!
Your Axes skill increases to level 3!
Things that are here:
a club; a goblin corpse
Things that are here:
a club; a goblin corpse You now have 27 gold pieces (gained 12).
You start resting.
Health restored: 16 As you open the door, it creaks loudly!
A frilled lizard, a bat and 3 jackals come into view.
The frilled lizard hisses angrily.
The jackal barks!
The jackal barks!
The bat misses you.
There is an open door here.
The bat hits you. The bat closely misses you.
You take 1 damage, and have 15/16 hp.
The bat hits you.
You take 1 damage, and have 14/16 hp.
The bat hits you but does no damage. The bat barely misses you.
The bat misses you.
You miss the bat. The bat hits you but does no damage. x2
You hit the bat.
You kill the bat!
You hit the jackal.
You kill the jackal!
You have reached level 2!
Your demonic ancestry asserts itself...
You feel your magical essence form a protective shroud around your flesh.
The jackal barely misses you.
You regained 6 hp, and now have 20/22 hp.
MP restored: 2

##
##.......#.####.#
#.##...##.# #.#
#.#######.####.#
##+# #.##...#
#...# #.##.#.#
.....# #......#
......# ###..###
......h####...##
......lh@......#
.......####...##
......# ##..#
.....# ##)# #...#
#.# ##+# #..#
##.# .# .#


You could see 2 jackals and a frilled lizard.

Vanquished Creatures
  2 goblins (D:1)
  A hobgoblin (D:1)
  A jackal (D:1)
  A bat (D:1)
  2 kobolds (D:1)
  2 rats (D:1)
9 creatures vanquished.

Notes
Turn   | Place    | Note
-------+----------+-------------------------------------------
     0 | D:1      | shakethe the Demonspawn Gladiator began the quest for the Orb.
     0 | D:1      | Reached XP level 1. HP: 16/16 MP: 1/1
   402 | D:1      | Reached skill level 3 in Axes
   518 | D:1      | Gained mutation: When hurt, damage is shared between your health and your magic reserves. [demonic ancestry]
   518 | D:1      | Reached XP level 2. HP: 19/22 MP: 2/2
   519 | D:1      | Quit the game

Skill      XL: |  1 |
---------------+----+-----
Axes           | 3 |  3.1
Fighting       | |  2.2
Throwing       | |  1.7
Dodging        | |  2.6

Action                   || total
-------------------------++-------
Melee: War axe           ||    28
Armor: Leather armour    ||     9
Dodge: Dodged            ||    23

Vault maps used:
D:1:      dpeg_arrival_castle

Table legend:
 A = Turns spent in this place as a percentage of turns spent in the entire game.
 B = Non-inter-level travel turns spent in this place as a percentage of non-inter-level travel turns spent in the entire game.
 C = Inter-level travel turns spent in this place as a percentage of turns spent in this place.
 D = Turns resting spent in this place as a percentage of non-inter-level travel turns spent in this place.
 E = Turns spent auto-exploring this place as a percentage of non-inter-level travel turns spent in this place.
 F = Non-inter-level travel turns spent in this place divided by the number of levels of this place that you've seen.
                   A       B       C       D       E      F
               +-------+-------+-------+-------+-------+----------------------
         Total | 100.0 | 100.0 |   0.0 |  42.6 |  39.3 | 519.0
       Dungeon | 100.0 | 100.0 |   0.0 |  42.6 |  39.3 | 519.0
               +-------+-------+-------+-------+-------+----------------------

Table legend:
 A = Kills in this place as a percentage of kills in entire the game.
 B = Kills by you in this place as a percentage of kills by you in the entire game.
 C = Kills by friends in this place as a percentage of kills by friends in the entire game.
 D = Other kills in this place as a percentage of other kills in the entire game.
 E = Experience gained in this place as a percentage of experience gained in the entire game.
 F = Experience gained in this place divided by the number of levels of this place that you have seen.
                   A       B       C       D       E      F
               +-------+-------+-------+-------+-------+----------------------
         Total | 100.0 | 100.0 |   N/A |   N/A | 100.0 |  13.0
       Dungeon | 100.0 | 100.0 |   N/A |   N/A | 100.0 |  13.0
               +-------+-------+-------+-------+-------+----------------------
